 Dungeon Crawl Stone Soup version 0.30-a0-1075-gcd70e7a56d (webtiles) character file.

Game seed: 7460896223647496354

5586 jimonade the Thaumaturge (level 11, -2/76 HPs)
             Began as a Djinni Fire Elementalist on Apr 15, 2023.
             Was a Priest of Cheibriados.
             Shot with an arrow by a centaur (6 damage)
             ... on level 9 of the Dungeon.
             The game lasted 00:25:51 (8519 turns).

jimonade the Thaumaturge (Djinni Fire Elementalist) Turns: 8519, Time: 00:25:52

Health: -2/76      AC: 13    Str: 18    XL:     11   Next: 2%
Gold:   487        EV: 10    Int: 27    God:    Cheibriados [***...] SH: 12 Dex: 21

rFire   + + +      SeeInvis .    a - +9 long sword of the Impish God {heavy, rPois rC+ Will+ Int+3}
rCold   . . .      Faith    .    H - +2 kite shield {AC+3}
rNeg    + . .      Spirit   .    A - +3 ring mail {rC+}
rPois   ∞          Reflect  .    l - +1 helmet
rElec   .          Rampage  .    (no cloak)
rCorr   .                        (no gloves)
Will    ++...                    (boots unavailable)
Stlth   ++                       t - amulet of regeneration
HPRegen 1.12/turn                u - ring of fire
MPRegen 0.00/turn                C - ring of positive energy

@: flying, very slow
A: sickness immunity, fire resistance 2, cold vulnerability 1, float, innate
caster, HP casting, extra vitality 1
a: Renounce Religion, Bend Time, Temporal Distortion


You were on level 9 of the Dungeon.
You worshipped Cheibriados.
Cheibriados was most pleased with you.
You visited 2 branches of the dungeon, and saw 10 of its levels.

You collected 487 gold pieces.

Inventory:

Hand Weapons
 a - the +9 long sword of the Impish God (weapon) {heavy, rPois rC+ Will+ Int+3}
   (You found it on level 8 of the Dungeon)

   Int:       It affects your intelligence (+3).
   rC:        It protects you from cold.
   rPois:     It protects you from poison.
   Will:      It increases your willpower.
 K - a +2 dagger of venom
 L - a +2 antimagic dagger
Missiles
 e - 2 throwing nets
 n - 8 boomerangs
 s - 36 poisoned darts
Armour
 l - a +1 helmet (worn)
 o - the +0 robe "Luuckix" {rCorr MP+9 Int+3 Dex-5}
   (You found it on level 3 of the Dungeon)

   Int:       It affects your intelligence (+3).
   Dex:       It affects your dexterity (-5).
   MP:        It affects your magic capacity (+9).
   rCorr:     It protects you from acid and corrosion.
 A - a +3 ring mail of cold resistance (worn)
 H - a +2 kite shield of protection (worn)
Jewellery
 t - an amulet of regeneration (around neck)
 u - a ring of fire (left hand)
 C - a ring of positive energy (right hand)
Wands
 v - a wand of roots (12)
 w - a wand of acid (6)
Scrolls
 b - 2 scrolls of vulnerability
 d - 2 scrolls of enchant armour
 k - 2 scrolls of fog
 m - a scroll of poison {unknown}
 p - 3 scrolls of blinking {unknown}
 q - 2 scrolls of teleportation
 x - 2 scrolls of fear {unknown}
 y - a scroll of silence {unknown}
 D - 2 scrolls of identify
 E - a scroll of butterflies {unknown}
Potions
 c - 2 potions of ambrosia {unknown}
 f - a potion of haste {unknown}
 g - 5 potions of mutation
 h - 4 potions of curing
 i - a potion of berserk rage {unknown}
 j - 2 potions of attraction {unknown}
 z - a potion of might {unknown}
 F - a potion of degeneration {unknown}
 I - a potion of flight {unknown}
 J - a potion of heal wounds {unknown}
Miscellaneous
 r - a box of beasts
 B - a phantom mirror


   Skills:
 * Level 5.5 Fighting
 + Level 0.6 Armour
 + Level 2.3 Dodging
 - Level 1.5 Stealth
 * Level 2.4 Shields
 + Level 11.3 Spellcasting


You knew the following spells:

 Your Spells              Type           Power      Damage    Failure   Level
a - Foxfire               Conj/Fire      100%       2x1d9     1%          1
b - Scorch                Fire           100%       2d9       1%          2
c - Volatile Blastmotes   Fire/Tloc      100%       2d18      1%          3
d - Inner Flame           Hex/Fire       86%        N/A       1%          3
e - Flame Wave            Conj/Fire      86%        2d18      1%          4
f - Sting                 Tmut/Pois      100%       1d8       1%          1
g - Lesser Beckoning      Tloc           100%       N/A       1%          2
h - Stone Arrow           Conj/Erth      100%       3d13      1%          3
i - Dazzling Flash        Conj/Hex       100%       N/A       1%          3
j - Fireball              Conj/Fire      43%        3d17      6%          5
Your spell library was empty.

Dungeon Overview and Level Annotations

Branches:
Dungeon (9/15)             Temple (1/1) D:6            Lair (0/5) D:8
    Orc: D:9-12

Altars:
Ashenzari
Cheibriados
Dithmenos
Elyvilon
Fedhas
Gozag
Hepliaklqana
Makhleb
Nemelex Xobeh
Okawaru
Qazlal
Ru
Trog
Uskayaw
Wu Jian
Xom
Zin
The Shining One

Shops:
D:5 *

Annotations:
D:4 exclusion: statue
D:6 1 runed translucent door, LustLizard's ghost, novice HOMo


Innate Abilities, Weirdness & Mutations

You are immune to sickness and miasma.
You are immune to poison.
Your flesh is very heat resistant. (rF++)
You are vulnerable to cold. (rC-)
You float through the air rather than walking.
You learn spells naturally, not from books.
Your magical power is your life essence.
You have superior vitality. (+4 MHP)


Message History

Confirm with . or Enter, or press ? or * to list all spells.
You feel a surge of power!
Flames lash the orc.
You kill the orc!
Cheibriados thoroughly appreciates the change of pace.
The orc warrior is engulfed in blazing flames.
Cheibriados appreciates the change of pace.
The orc warrior explodes!
The fiery explosion engulfs you. You resist.
The fiery explosion engulfs the orc!!!
You kill the orc!
Cheibriados appreciates the change of pace.
You hear a shout! x2
An orc priest comes into view. It is wielding a +0 war axe.
Items here: )) [[ †.
Items here: ))))) [[[ ††.
The orc is no longer blind.
The centaur wields a +0 shortbow.
The centaur shoots an arrow.
The arrow hits you!
You hear a shout!
Items here: )) [ ††.
The orc warrior attacks as you move away!
You block the orc warrior's attack. x2
The orc warrior hits you with a +0 hand axe.
The orc warrior attacks as you move away!
The orc warrior barely misses you.
The orc warrior attacks as you move away!
The orc warrior hits you but does no damage.
An orc comes into view. It is wielding a +0 dagger.
The orc shouts!
The orc priest invokes the aid of Beogh against you.
Beogh smites you!
* * * LOW HITPOINT WARNING * * *
The orc priest invokes the aid of Beogh against you.
Beogh smites you!
* * * LOW HITPOINT WARNING * * *
An orc comes into view. It is wielding a +1 trident of venom.
Things that are here:
a +0 hand axe; an orc corpse The centaur shoots an arrow.
The arrow barely misses you.
The centaur shoots an arrow.
The arrow hits you.
You die...

.## ..# ..# #.# ..## . #.#
.).#.. #.# ..... #.# ....
#<###########.#..
#.##...c....o.#†#
######...@)ooo..)..#'###
#.....###.#######o##)).###
###.###.# #.# #))))8o)))
... #.# #.# ####)))###
.####.###.# #o# ####c#
..........# #.# o.
#######..## #.# #........#
#.# #.######.#


You could see an orc warrior, a centaur and 3 orcs.

Vanquished Creatures
  An unseen horror (D:5)
  A wyvern (D:8)
  6 yaks (D:9)
  A vampire mosquito (D:5)
  2 steam dragons
  An acid dragon (D:5)
  A water moccasin (D:5)
  An orc warrior (D:9)
  3 black bears (D:5)
  4 ice beasts
  A sky beast (D:7)
  4 ogres
  A centaur (D:9)
  A phantom (D:4)
  Blork the orc (D:6)
  4 bullfrogs
  3 kobold brigands
  4 scorpions
  A gnoll sergeant (D:7)
  A killer bee (D:4)
  2 howler monkeys
  2 hounds
  7 orc priests
  3 gnoll boudas
  2 jellies
  7 iguanas
  Jessica (D:2)
  A sleepcap (D:4)
  14 orc wizards
  Robin (D:2)
  18 gnolls
  7 adders
  3 shadow imps
  2 white imps
  4 ufetubi
  2 worms (D:3)
  A dart slug (D:1)
  52 orcs
  8 ball pythons
  3 endoplasms
  5 giant cockroaches
  9 goblins
  9 hobgoblins
  4 jackals
  16 kobolds
  2 quokkas
  5 bats
  2 frilled lizards
  2 rats
236 creatures vanquished.

Vanquished Creatures (others)
  A demonic plant (D:3)
  427 foxfires
  4 plants (D:6)
  2 withered plants (D:3)
434 creatures vanquished.

Grand Total: 670 creatures vanquished

Notes
Turn   | Place    | Note
-------+----------+-------------------------------------------
     0 | D:1      | jimonade the Djinni Fire Elementalist began the quest for
                  | the Orb.
     0 | D:1      | jimonade set off with the following spells memorised:
                  | Foxfire, Scorch, Volatile Blastmotes, Inner Flame, Flame
                  | Wave.
     0 | D:1      | Reached XP level 1. HP: 15/15 MP: 0/0
   144 | D:1      | Reached XP level 2. HP: 19/21 MP: 0/0
   280 | D:1      | Reached skill level 3 in Spellcasting
   883 | D:2      | Reached XP level 3. HP: 23/25 MP: 0/0
   883 | D:2      | Learned a level 1 spell: Sting
  1041 | D:2      | Noticed Robin
  1213 | D:2      | Killed Robin
  1214 | D:2      | Reached XP level 4. HP: 13/31 MP: 0/0
  1368 | D:2      | Noticed Jessica
  1382 | D:2      | Killed Jessica
  1887 | D:3      | Reached skill level 4 in Spellcasting
  1915 | D:3      | Found a faded altar of an unknown god.
  2242 | D:3      | Reached XP level 5. HP: 31/35 MP: 0/0
  2242 | D:3      | Learned a level 2 spell: Lesser Beckoning
  2243 | D:3      | Identified the +0 robe "Luuckix" {rCorr MP+9 Int+3 Dex-5}
  3220 | D:4      | Noticed a frost-covered statue
  3325 | D:4      | Reached XP level 6. HP: 35/40 MP: 0/0
  3326 | D:4      | Reached skill level 5 in Spellcasting
  3475 | D:4      | Reached XP level 7. HP: 39/45 MP: 0/0
  3475 | D:4      | Learned a level 3 spell: Stone Arrow
  4151 | D:5      | Entered Level 5 of the Dungeon
  4161 | D:4      | Reached skill level 6 in Spellcasting
  4588 | D:4      | Reached XP level 8. HP: 38/50 MP: 0/0
  4723 | D:5      | Found a blossoming altar of Fedhas.
  4748 | D:5      | Reached skill level 7 in Spellcasting
  4856 | D:5      | Found a large runed translucent door.
  4858 | D:5      | Found a large runed translucent door.
  4891 | D:5      | Found Higisew's General Store.
  4972 | D:5      | Reached skill level 1 in Fighting
  5123 | D:5      | Found a large runed translucent door.
  5123 | D:5      | Found a large runed translucent door.
  5306 | D:5      | Reached skill level 8 in Spellcasting
  5450 | D:5      | Reached XP level 9. HP: 54/58 MP: 0/0
  5450 | D:5      | Learned a level 3 spell: Dazzling Flash
  5513 | D:5      | Killed an unseen horror
  5763 | D:5      | Reached skill level 9 in Spellcasting
  6298 | D:6      | Noticed a +0 spear
  6303 | D:6      | Found a hide-covered altar of Uskayaw.
  6303 | D:6      | Noticed a +0 spear
  6304 | D:6      | Noticed a +0 short sword
  6304 | D:6      | Noticed a +0 dagger
  6304 | D:6      | Noticed a +0 falchion
  6306 | D:6      | Noticed a +0 falchion
  6307 | D:6      | Noticed a +0 short sword
  6308 | D:6      | Noticed a +0 dagger
  6453 | D:6      | Found a runed translucent door.
  6453 | D:6      | Found a shimmering altar of Xom.
  6453 | D:6      | Noticed a +0 spear of chaos
  6453 | D:6      | Noticed LustLizard's ghost (novice HOMo)
  6608 | D:6      | Found a staircase to the Ecumenical Temple.
  6639 | D:6      | Noticed Blork the orc
  6645 | D:6      | Killed Blork the orc
  6646 | D:6      | Reached XP level 10. HP: 67/67 MP: 0/0
  6673 | Temple   | Entered the Ecumenical Temple
  6711 | Temple   | Became a worshipper of Cheibriados the Contemplative
  6755 | D:6      | Reached skill level 10 in Spellcasting
  7245 | D:7      | Reached * piety under Cheibriados
  7511 | D:7      | Found an ornate altar of the Wu Jian Council.
  7795 | D:7      | Found a stormy altar of Qazlal.
  7992 | D:8      | Reached ** piety under Cheibriados
  7993 | D:8      | Reached skill level 5 in Fighting
  8046 | D:8      | Identified the +9 long sword of the Impish God {heavy,
                  | rPois rC+ Will+ Int+3}
  8136 | D:8      | Found a staircase to the Lair.
  8394 | D:9      | Reached skill level 1 in Shields
  8394 | D:9      | Reached skill level 11 in Spellcasting
  8488 | D:9      | Reached *** piety under Cheibriados
  8506 | D:9      | Reached XP level 11. HP: 38/76 MP: 0/0
  8506 | D:9      | Learned a level 5 spell: Fireball
  8518 | D:9      | HP: 2/76 [orc priest/divine providence (17)]
  8519 | D:9      | Shot with an arrow by a centaur

Illustrated notes

Levels and vault maps discovered:
D:1:      dpeg_arrival_round_c, layout_basic, serial_bayou_pond_c
D:2:      layout_loops_ring, hangedman_glass_teeth, uniq_robin, uniq_jessica
D:3:      layout_basic, shapermc_ecumenical_altar_gd, dreamdust_wishing_well
D:4:      layout_basic, vehumet_statue, grunt_tough_drop
D:5:      layout_cave_pools, mainiacjoe_overflow_24_doors, serial_shops,
          nicolae_inconvenience_store, minmay_hollow_rounded_squares
D:6:      layout_loops_corners, nicolae_uskayaw_en_pointe,
          minmay_temple_entry_mini_moons, ebering_ghost_xom, serial_demonic,
          serial_demonic_g, serial_demonic_g, serial_demonic_b,
          serial_demonic_a, serial_bayou_pond_a, corner_web_ring,
          uniq_blork_the_orc
D:7:      layout_loops_ring, nicolae_qazlal_eye_of_the_storm,
          nicolae_wu_jian_immortal_techniques
D:8:      layout_rooms, lair_entry_dummy, st_stairs_8
D:9:      layout_loops_ring, hiddenorc2_lemuel
Temple:   hellmonk_temple_of_storms

Skill      XL: |  1  2  3  4  5  6  7  8  9 10 |
---------------+-------------------------------+-----
Spellcasting   | 3 4 5 6 8 9 11 | 11.3
Fighting       | 2 4 5 |  5.5
Shields        | 2 |  2.4
Armour         | |  0.6
Dodging        | |  2.3
Stealth        | |  1.5

Action                     |  1- 3 |  4- 6 |  7- 9 | 10-12 || total
---------------------------+-------+-------+-------+-------++-------
  Melee: Dagger            |     1 |     3 |       |     1 ||     5
   Cast: Foxfire           |    46 |    57 |    87 |    76 ||   266
         Scorch            |    10 |    24 |    97 |    63 ||   194
         Inner Flame       |       |       |     4 |    40 ||    44
         Dazzling Flash    |       |       |     1 |     2 ||     3
    Use: Scroll            |       |       |     4 |     2 ||     6
 Armour: Robe              |     7 |     1 |     4 |       ||    12
         Ring mail         |       |     2 |    19 |    18 ||    39
  Dodge: Dodged            |    11 |     4 |    53 |    15 ||    83
  Block: Kite shield       |       |       |       |    13 ||    13

Table legend: (Time is in decaauts)
 A = Elapsed time spent in this place.
 B = Non-inter-level travel time spent in this place.
 C = Inter-level travel time spent in this place.
 D = Time resting spent in this place.
 E = Time spent auto-exploring this place.
 F = Levels seen in this place.
 G = Mean time per level.
                   A        B        C        D        E       F      G
               +--------+--------+--------+--------+--------+-----+--------+
         Total |   9100 |   8669 |    431 |    887 |   5933 |  10 |  910.0 |
       Dungeon |   9048 |   8630 |    418 |    887 |   5911 |   9 | 1005.3 |
        Temple |     52 |     40 |     12 |      0 |     22 |   1 |   52.0 |
               +--------+--------+--------+--------+--------+-----+--------+

Top non-repeatable levels by time:
     D:4: 1678 daAuts
     D:5: 1278 daAuts
     D:6: 1220 daAuts
     D:3: 1165 daAuts
     D:7: 1102 daAuts
     D:1: 942 daAuts
     D:2: 904 daAuts
     D:8: 575 daAuts
     D:9: 180 daAuts
  Temple: 52 daAuts
